WCHLSIM.com - West Coast Hockey League
html PUBLIC "-//W3C//DTD XHTML 1.0 Transitional//EN" "http://www.w3.org/TR/xhtml1/DTD/xhtml1-transitional.dtd"> WCHL - Game 945 - REGINA FALCONS vs ANCHORAGE ACES

REGINA FALCONS vs ANCHORAGE ACES

Created - 3 mars 2024 at 22:54

Goals
1 2 3 OT1 SO T
REGINA FALCONS 2 1 2 0 0 5
ANCHORAGE ACES 0 3 2 0 2 6
Shots
1 2 3 OT1 SO T
REGINA FALCONS 9 7 13 0 2 29
ANCHORAGE ACES 15 12 13 3 2 43

1st period

1. REGINA FALCONS , Andrei Kuzmenko 20 (Zach Bogosian 3, Rickard Rakell 37) at 16:19
2. REGINA FALCONS , Kyle Okposo 3 (Rickard Rakell 38, Marco Scandella 2) at 18:04

Penalties :
Erik Haula (ANC) for Interference (Minor) at 2:21, Jani Hakanpaa (ANC) for Hooking (Minor) at 6:53, Rickard Rakell (REG) for Tripping (Minor) at 11:46

2nd period

3. ANCHORAGE ACES , Phillip Danault 35 (Nathan MacKinnon 37, Filip Hronek 29) at 1:43 (PP)
4. REGINA FALCONS , Dominik Kubalik 6 (Patrick Maroon 1) at 4:27
5. ANCHORAGE ACES , Phillip Danault 36 (Filip Hronek 30, Alexander DeBrincat 27) at 6:49
6. ANCHORAGE ACES , Connor McDavid 30 (Filip Hronek 31, Alex Killorn 28) at 7:15

Penalties :
Zach Bogosian (REG) for Hooking (Minor) at 0:50, Nathan MacKinnon (ANC) for Roughing (Minor) at 8:13

3rd period

7. ANCHORAGE ACES , Phillip Danault 37 (Alexander DeBrincat 28) at 2:06
8. ANCHORAGE ACES , Nathan MacKinnon 39 (Phillip Danault 35, Alex Killorn 29) at 11:26 (PP)
9. REGINA FALCONS , Patrick Maroon 2 (Dominik Kubalik 4, Tyler Motte 17) at 19:13
10. REGINA FALCONS , Kyle Okposo 4 (Justin Schultz 11) at 19:52

Penalties :
Jack Johnson (ANC) for Roughing (Minor) at 5:20, Patrick Maroon (REG) for Slashing (Minor) at 10:36

Overtime #1

No Goal

Penalties :
No Penalty

Shootout

REGINA FALCONS, Rickard Rakell - Stopped by Jaroslav Halak
ANCHORAGE ACES, Nathan MacKinnon - Goal!
REGINA FALCONS, Andrei Kuzmenko - Shot Misses the Net
ANCHORAGE ACES, Alexander DeBrincat - Goal!

Penalties :
No Penalty

Goalie Stats

Petr Mrazek (REG), 25 saves from 30 shots - (0,833), OTL, 16-10-4, 49:26 minutes
Semyon Varlamov (REG), 13 saves from 13 shots - (1,000), 15:21 minutes
Jaroslav Halak (ANC), 24 saves from 29 shots - (0,828), W, 2-2-0, 65:00 minutes

Players Stats for REGINA FALCONS

Player Name              G  A  P  +/- PIM S  H  SB GA TA FO     MP     PP MP  PK MP  
------------------------------------------------------------------------------------
Andrei Kuzmenko          1  0  1   1  0   3  1  1  0  0  0/3    23:55   3:51   1:48 
Devin Shore              0  0  0   0  0   1  0  0  0  0  2/6     7:15   1:00   0:24 
Dominik Kubalik          1  1  2   1  0   5  0  1  0  0  1/4    21:16   3:50   1:35 
Eric Robinson            0  0  0   0  0   5  2  1  0  0  2/5    15:35   3:05   0:00 
Justin Schultz           0  1  1  -1  0   0  0  2  0  0  0/0    24:55   3:32   0:40 
Kyle Okposo              2  0  2   1  0   4  1  0  0  0  0/1    22:33   3:51   1:00 
Logan Stanley            0  0  0  -1  0   0  1  0  0  0  0/0    14:46   0:10   0:00 
Marco Scandella          0  1  1   2  0   0  0  2  0  0  0/0    20:54   4:09   2:38 
Max Jones                0  0  0   0  0   2  1  1  0  0  0/1    12:45   0:15   0:00 
Patric Hornqvist         0  0  0   0  0   0  0  0  0  0  0/0     6:06   0:15   0:00 
Patrick Maroon           1  1  2   1  2   1  4  0  0  0  7/20   14:50   0:00   0:19 
Pierre-Olivier Joseph    0  0  0   1  0   0  2  4  0  0  0/0    17:04   0:15   1:04 
Rickard Rakell           0  2  2   1  2   5  0  0  0  0  5/32   27:40   3:51   0:50 
Simon Ryfors             0  0  0   0  0   0  0  0  0  0  7/15   15:59   0:00   1:28 
Tucker Poolman           0  0  0   0  0   0  0  0  0  0  0/0     3:54   0:00   0:00 
Ty Smith                 0  0  0   1  0   0  2  1  0  0  0/0    22:06   3:37   0:51 
Tyler Motte              0  1  1   1  0   3  0  0  0  0  0/0    18:22   3:50   0:00 
Zach Bogosian            0  1  1   2  2   0  5  3  0  0  0/0    21:20   4:09   2:11 

Players Stats for ANCHORAGE ACES

Player Name              G  A  P  +/- PIM S  H  SB GA TA FO     MP     PP MP  PK MP  
------------------------------------------------------------------------------------
Alex Killorn             0  2  2  -1  0   4  2  0  0  0  0/1    24:43   2:23   4:48 
Alexander DeBrincat      0  2  2   0  0   6  1  0  0  0  0/1    15:42   1:19   0:00 
Chris Kreider            0  0  0   0  0   3  0  0  0  0  0/0    15:42   1:19   0:00 
Connor McDavid           1  0  1  -2  0   8  3  1  0  0  20/24  23:03   1:19   0:00 
Erik Haula               0  0  0   0  2   2  1  0  0  0  12/19  17:00   0:00   2:20 
Filip Hronek             0  3  3   1  0   2  0  3  0  0  0/0    26:16   2:01   4:28 
Jack Johnson             0  0  0  -1  2   0  0  1  0  0  0/0    12:54   0:00   0:00 
Jakob Chychrun           0  0  0  -2  0   1  1  0  0  0  0/0    20:14   2:01   0:30 
Jani Hakanpaa            0  0  0  -1  2   0  2  0  0  0  0/0    15:10   0:00   2:58 
Marcus Johansson         0  0  0   0  0   0  0  0  0  0  0/1    14:41   0:00   0:00 
Nathan MacKinnon         1  1  2  -2  2   5  0  0  0  0  8/8    21:21   2:23   0:48 
Phillip Danault          3  1  4  -1  0   8  1  1  0  0  23/33  22:51   2:23   4:48 
Robert Bortuzzo          0  0  0   0  0   0  0  1  0  0  0/0     1:43   0:00   0:00 
Ryan Pulock              0  0  0   2  0   1  1  2  0  0  0/0    22:20   1:41   3:41 
Sam Gagner               0  0  0   0  0   0  0  0  0  0  0/0     4:35   0:00   0:00 
Seth Jones               0  0  0  -3  0   0  0  2  0  0  0/0    26:21   1:41   4:15 
Sheldon Dries            0  0  0   0  0   0  0  0  0  0  0/0     4:35   0:00   0:00 
Yegor Sharangovich       0  0  0   0  0   3  0  0  0  0  0/0    17:49   0:00   3:08 

3 Stars

1 - Phillip Danault (ANC)
2 - Kyle Okposo (REG)
3 - Filip Hronek (ANC)

Power Play

REGINA FALCONS - 0 on 4 Attempt(s) - 0,00%
ANCHORAGE ACES - 2 on 3 Attempt(s) - 66,67%

Penalty Kill

REGINA FALCONS - 1 on 3 Attempt(s) - 33,33% - Score 0 goal in Penalty Kill
ANCHORAGE ACES - 4 on 4 Attempt(s) - 100,00% - Score 0 goal in Penalty Kill

Team Stat

REGINA FALCONS - Hits : 19 - Faceoff Wins : 24 - Blocked Shots : 16 - Penalty Minutes : 6
ANCHORAGE ACES - Hits : 12 - Faceoff Wins : 63 - Blocked Shots : 11 - Penalty Minutes : 8

Official

Referees : Chris Lee and Mike Duco
Linesman : Jaime Alary and Derek Wahl

Game Notes

Semyon Varlamov is injured at 15:21 of 1st period (Bruised Right Leg)
Petr Mrazek enters game at 15:21 of 1st period
Phillip Danault has scored a Hat Trick!

Finance

Level 1 -- Attendance: 5827 (97,12%) -- Ticket Income 1 165 400 $
Level 2 -- Attendance: 4871 (97,42%) -- Ticket Income 608 875 $
Level 3 -- Attendance: 2000 (100,00%) -- Ticket Income 208 000 $
Level 4 -- Attendance: 4000 (100,00%) -- Ticket Income 280 000 $
Luxury Box -- Attendance: 1000 (100,00%) -- Ticket Income 325 000 $
Game was played at the Alaska Center.
Total Attendance: 17698 (98,32%)
Total Ticket Income: 2 587 275 $
Other Expense: 25 873 $
Total Income: 2 561 402 $

REGINA FALCONS

5 vs 5 Forward 
   Center                   Left Wing                Right Wing               Time % Phy DF OF 
 1 Rickard Rakell           Andrei Kuzmenko          Kyle Okposo              36     1   2  2  
 2 Patrick Maroon           Dominik Kubalik          Tyler Motte              31     1   2  2  
 3 Simon Ryfors             Eric Robinson            Max Jones                23     1   2  2  
 4 Devin Shore              Rickard Rakell           Patric Hornqvist         10     1   2  2  

5 vs 5 Defense 
   Defense                  Defense                                           Time % Phy DF OF 
 1 Logan Stanley            Justin Schultz                                    36     1   2  2  
 2 Zach Bogosian            Marco Scandella                                   31     1   2  2  
 3 Pierre-Olivier Joseph    Ty Smith                                          23     1   2  2  
 4 Tucker Poolman           Justin Schultz                                    10     1   2  2  

PowerPlay Forward 
   Center                   Left Wing                Right Wing               Time % Phy DF OF 
 1 Rickard Rakell           Andrei Kuzmenko          Kyle Okposo              55     1   2  2  
 2 Eric Robinson            Dominik Kubalik          Tyler Motte              45     1   2  2  

PowerPlay Defense
   Defense                  Defense                                           Time % Phy DF OF 
 1 Ty Smith                 Justin Schultz                                    55     1   2  2  
 2 Zach Bogosian            Marco Scandella                                   45     1   2  2  

Penalty Kill 4 Players Forward 
   Center                   Wing                     Time % Phy DF OF 
 1 Rickard Rakell           Andrei Kuzmenko          55     1   2  2  
 2 Dominik Kubalik          Kyle Okposo              45     1   2  2  

Penalty Kill 4 Players Defense
   Defense                  Defense                  Time % Phy DF OF 
 1 Pierre-Olivier Joseph    Justin Schultz           55     1   2  2  
 2 Zach Bogosian            Marco Scandella          45     1   2  2  

Penalty Kill - 3 Players Forward 
   Forward                                           Time % Phy DF OF 
 1 Rickard Rakell                                    55     1   2  2  
 2 Andrei Kuzmenko                                   45     1   2  2  

Penalty Kill - 3 Players Defense
   Defense                  Defense                  Time % Phy DF OF 
 1 Tucker Poolman           Justin Schultz           55     1   2  2  
 2 Zach Bogosian            Marco Scandella          45     1   2  2  

4 vs 4 Forward 
   Center                   Wing                     Time % Phy DF OF 
 1 Rickard Rakell           Andrei Kuzmenko          55     1   2  2  
 2 Dominik Kubalik          Kyle Okposo              45     1   2  2  

4 vs 4 Defense
   Defense                  Defense                  Time % Phy DF OF 
 1 Logan Stanley            Justin Schultz           55     1   2  2  
 2 Zach Bogosian            Marco Scandella          45     1   2  2  

Last Minutes Offensive
   Center                   Left Wing                Right Wing               Defense                  Defense                  
   Rickard Rakell           Andrei Kuzmenko          Kyle Okposo              Logan Stanley            Justin Schultz           

Last Minutes Defensive
   Center                   Left Wing                Right Wing               Defense                  Defense                  
   Rickard Rakell           Andrei Kuzmenko          Kyle Okposo              Logan Stanley            Justin Schultz           

Goaltenders
Starting : Semyon Varlamov          
Backup : Petr Mrazek              

Extra Forwards
Normal : Eric Robinson, Max Jones, Simon Ryfors - PP : Eric Robinson, Max Jones - PK : Simon Ryfors
Extra Defensemen
Normal : Pierre-Olivier Joseph, Ty Smith, Tucker Poolman - PP : Pierre-Olivier Joseph - PK : Ty Smith, Tucker Poolman
Penalty Shots
Rickard Rakell, Andrei Kuzmenko, Dominik Kubalik, Kyle Okposo, Max Jones
Custom OT Lines Forwards
Rickard Rakell, Andrei Kuzmenko, Dominik Kubalik, Kyle Okposo, Patrick Maroon, Tyler Motte, Eric Robinson, Max Jones, Simon Ryfors, Devin Shore
Custom OT Lines Defensemen
Ty Smith, Justin Schultz, Zach Bogosian, Marco Scandella, Pierre-Olivier Joseph

Scratches
Jacob Peterson (Back Spasms Injury), Filip Roos (Bruised Right Shoulder Injury), Anton Khudobin (Healthy), Chris Driedger (Healthy)

ANCHORAGE ACES

5 vs 5 Forward 
   Center                   Left Wing                Right Wing               Time % Phy DF OF 
 1 Connor McDavid           Alex Killorn             Nathan MacKinnon         36     0   1  4  
 2 Phillip Danault          Chris Kreider            Alexander DeBrincat      31     0   2  3  
 3 Erik Haula               Marcus Johansson         Yegor Sharangovich       30     0   2  3  
 4 Connor McDavid           Sheldon Dries            Sam Gagner               3      1   2  2  

5 vs 5 Defense 
   Defense                  Defense                                           Time % Phy DF OF 
 1 Seth Jones               Jakob Chychrun                                    35     1   2  2  
 2 Filip Hronek             Ryan Pulock                                       35     1   2  2  
 3 Jani Hakanpaa            Jack Johnson                                      23     1   2  2  
 4 Robert Bortuzzo          Seth Jones                                        7      1   2  2  

PowerPlay Forward 
   Center                   Left Wing                Right Wing               Time % Phy DF OF 
 1 Phillip Danault          Alex Killorn             Nathan MacKinnon         50     0   0  5  
 2 Connor McDavid           Chris Kreider            Alexander DeBrincat      50     0   1  4  

PowerPlay Defense
   Defense                  Defense                                           Time % Phy DF OF 
 1 Filip Hronek             Jakob Chychrun                                    55     1   1  3  
 2 Ryan Pulock              Seth Jones                                        45     1   2  2  

Penalty Kill 4 Players Forward 
   Center                   Wing                     Time % Phy DF OF 
 1 Phillip Danault          Alex Killorn             55     1   2  2  
 2 Erik Haula               Yegor Sharangovich       45     1   2  2  

Penalty Kill 4 Players Defense
   Defense                  Defense                  Time % Phy DF OF 
 1 Seth Jones               Jani Hakanpaa            55     1   2  2  
 2 Ryan Pulock              Filip Hronek             45     1   2  2  

Penalty Kill - 3 Players Forward 
   Forward                                           Time % Phy DF OF 
 1 Phillip Danault                                   55     1   2  2  
 2 Erik Haula                                        45     1   2  2  

Penalty Kill - 3 Players Defense
   Defense                  Defense                  Time % Phy DF OF 
 1 Seth Jones               Filip Hronek             55     1   2  2  
 2 Ryan Pulock              Jani Hakanpaa            45     1   2  2  

4 vs 4 Forward 
   Center                   Wing                     Time % Phy DF OF 
 1 Nathan MacKinnon         Connor McDavid           55     1   2  2  
 2 Phillip Danault          Chris Kreider            45     1   2  2  

4 vs 4 Defense
   Defense                  Defense                  Time % Phy DF OF 
 1 Jakob Chychrun           Seth Jones               55     1   2  2  
 2 Jani Hakanpaa            Filip Hronek             45     1   2  2  

Last Minutes Offensive
   Center                   Left Wing                Right Wing               Defense                  Defense                  
   Connor McDavid           Phillip Danault          Nathan MacKinnon         Seth Jones               Filip Hronek             

Last Minutes Defensive
   Center                   Left Wing                Right Wing               Defense                  Defense                  
   Connor McDavid           Phillip Danault          Nathan MacKinnon         Seth Jones               Filip Hronek             

Goaltenders
Starting : Jaroslav Halak           
Backup : Darcy Kuemper            

Extra Forwards
Normal : Connor McDavid, Phillip Danault, Chris Kreider - PP : Erik Haula, Phillip Danault - PK : Nathan MacKinnon
Extra Defensemen
Normal : Ryan Pulock, Jani Hakanpaa, Jack Johnson - PP : Robert Bortuzzo - PK : Filip Hronek, Seth Jones
Penalty Shots
Nathan MacKinnon, Alexander DeBrincat, Connor McDavid, Alex Killorn, Chris Kreider
Custom OT Lines Forwards
Nathan MacKinnon, Alex Killorn, Connor McDavid, Phillip Danault, Chris Kreider, Alexander DeBrincat, Yegor Sharangovich, Erik Haula, Marcus Johansson, Sam Gagner
Custom OT Lines Defensemen
Filip Hronek, Seth Jones, Jakob Chychrun, Ryan Pulock, Jani Hakanpaa

Scratches
None


% Time on Ice - REGINA FALCONS

Lines # - Real PCT - Wanted PCT - Time Play
Normal Forward
1 - 33% - 36% - 15:44
2 - 29% - 31% - 13:38
3 - 26% - 23% - 12:30
4 - 12% - 10% - 5:51
Normal Defense
1 - 29% - 36% - 13:57
2 - 30% - 31% - 14:07
3 - 33% - 23% - 15:45
4 - 8% - 10% - 3:54
PP Forward
1 - 49% - 55% - 3:51
2 - 51% - 45% - 4:05
PP Defense
1 - 48% - 55% - 3:47
2 - 52% - 45% - 4:09
PK Forward
1 - 57% - 55% - 2:07
2 - 43% - 45% - 1:35
PK Defense
1 - 29% - 55% - 1:04
2 - 71% - 45% - 2:38
PK3 Forward
1 - 0% - 55%
2 - 0% - 45%
PK3 Defense
1 - 0% - 55%
2 - 0% - 45%
44 Forward
1 - 0% - 55%
2 - 0% - 45%
44 Defense
1 - 0% - 55%
2 - 0% - 45%
Last Minute Offensive  - 0:39
Last Minute Defensive  - 0:00
Total
Forward - 60:00
Defense - 60:00

% Time on Ice - ANCHORAGE ACES

Lines # - Real PCT - Wanted PCT - Time Play
Normal Forward
1 - 31% - 36% - 14:58
2 - 28% - 31% - 13:29
3 - 31% - 30% - 14:41
4 - 10% - 3% - 4:35
Normal Defense
1 - 35% - 35% - 16:49
2 - 36% - 35% - 16:58
3 - 26% - 23% - 12:13
4 - 4% - 7% - 1:43
PP Forward
1 - 64% - 50% - 2:23
2 - 36% - 50% - 1:19
PP Defense
1 - 55% - 55% - 2:01
2 - 45% - 45% - 1:41
PK Forward
1 - 61% - 55% - 4:48
2 - 39% - 45% - 3:08
PK Defense
1 - 54% - 55% - 4:15
2 - 46% - 45% - 3:41
PK3 Forward
1 - 0% - 55%
2 - 0% - 45%
PK3 Defense
1 - 0% - 55%
2 - 0% - 45%
44 Forward
1 - 0% - 55%
2 - 0% - 45%
44 Defense
1 - 0% - 55%
2 - 0% - 45%
Last Minute Offensive  - 0:00
Last Minute Defensive  - 0:39
Total
Forward - 60:00
Defense - 60:00

Play-by-Play

1st period


0:01 of 1st period - Connor McDavid wins face-off versus Rickard Rakell in neutral zone.
0:31 of 1st period - Shot by Nathan MacKinnon.
0:31 of 1st period - Shot Blocked by Justin Schultz.
1:30 of 1st period - Alexander DeBrincat is hit by Patrick Maroon and loses puck.
1:41 of 1st period - Shot by Dominik Kubalik.
1:41 of 1st period - Shot Misses the Net.
1:43 of 1st period - Shot by Tyler Motte.
1:43 of 1st period - Stopped by Jaroslav Halak with a rebound.
1:45 of 1st period - Shot by Tyler Motte.
1:45 of 1st period - Shot Blocked by Ryan Pulock.
2:21 of 1st period - Minor Penalty to Erik Haula for Interference.
2:22 of 1st period - Eric Robinson wins face-off versus Phillip Danault in ANCHORAGE ACES zone.
2:32 of 1st period - Shot by Eric Robinson.
2:32 of 1st period - Deflect By Max Jones.
2:32 of 1st period - Shot Blocked by Phillip Danault.
2:34 of 1st period - Shot by Pierre-Olivier Joseph.
2:34 of 1st period - Shot Hit the Post.
2:36 of 1st period - Shot by Eric Robinson.
2:36 of 1st period - Stopped by Jaroslav Halak without a rebound.
2:37 of 1st period - Nathan MacKinnon wins face-off versus Eric Robinson in ANCHORAGE ACES zone.
3:07 of 1st period - Off-side.
3:08 of 1st period - Nathan MacKinnon wins face-off versus Rickard Rakell in neutral zone.
3:21 of 1st period - Shot by Rickard Rakell.
3:21 of 1st period - Shot Blocked by Ryan Pulock.
3:23 of 1st period - Shot by Kyle Okposo.
3:23 of 1st period - Stopped by Jaroslav Halak without a rebound.
3:24 of 1st period - Phillip Danault wins face-off versus Rickard Rakell in ANCHORAGE ACES zone.
5:40 of 1st period - Icing by Tucker Poolman.
5:41 of 1st period - Erik Haula wins face-off versus Devin Shore in REGINA FALCONS zone.
6:05 of 1st period - Shot by Erik Haula.
6:05 of 1st period - Shot Misses the Net.
6:08 of 1st period - Icing by Dominik Kubalik.
6:09 of 1st period - Phillip Danault wins face-off versus Patrick Maroon in REGINA FALCONS zone.
6:10 of 1st period - Shot by Alexander DeBrincat.
6:10 of 1st period - Stopped by Semyon Varlamov with a rebound.
6:28 of 1st period - Shot by Tyler Motte.
6:28 of 1st period - Stopped by Jaroslav Halak without a rebound.
6:29 of 1st period - Erik Haula wins face-off versus Rickard Rakell in ANCHORAGE ACES zone.
6:53 of 1st period - Minor Penalty to Jani Hakanpaa for Hooking.
6:54 of 1st period - Phillip Danault wins face-off versus Eric Robinson in ANCHORAGE ACES zone.
6:54 of 1st period - Phillip Danault is hit by Eric Robinson.
7:01 of 1st period - Icing by Marco Scandella.
7:02 of 1st period - Phillip Danault wins face-off versus Eric Robinson in REGINA FALCONS zone.
7:39 of 1st period - Shot by Dominik Kubalik.
7:39 of 1st period - Stopped by Jaroslav Halak without a rebound.
7:40 of 1st period - Phillip Danault wins face-off versus Rickard Rakell in ANCHORAGE ACES zone.
8:51 of 1st period - Shot by Tyler Motte.
8:51 of 1st period - Shot Misses the Net.
8:53 of 1st period - Shot by Tyler Motte.
8:53 of 1st period - Shot Hit the Post.
9:29 of 1st period - Off-side.
9:30 of 1st period - Patrick Maroon wins face-off versus Marcus Johansson in neutral zone.
9:41 of 1st period - Shot by Yegor Sharangovich.
9:41 of 1st period - Stopped by Semyon Varlamov without a rebound.
9:42 of 1st period - Phillip Danault wins face-off versus Devin Shore in REGINA FALCONS zone.
9:53 of 1st period - Shot by Chris Kreider.
9:53 of 1st period - Stopped by Semyon Varlamov without a rebound.
9:54 of 1st period - Connor McDavid wins face-off versus Patrick Maroon in REGINA FALCONS zone.
10:20 of 1st period - Dominik Kubalik is hit by Jani Hakanpaa and loses puck.
11:25 of 1st period - Shot by Alexander DeBrincat.
11:25 of 1st period - Deflect By Phillip Danault.
11:25 of 1st period - Shot Blocked by Andrei Kuzmenko.
11:42 of 1st period - Rickard Rakell is hit by Jakob Chychrun and loses puck.
11:46 of 1st period - Minor Penalty to Rickard Rakell for Tripping.
11:47 of 1st period - Phillip Danault wins face-off versus Dominik Kubalik in REGINA FALCONS zone.
11:57 of 1st period - Shot by Alex Killorn.
11:57 of 1st period - Stopped by Semyon Varlamov with a rebound.
11:59 of 1st period - Shot by Nathan MacKinnon.
11:59 of 1st period - Stopped by Semyon Varlamov with a rebound.
12:01 of 1st period - Shot by Jakob Chychrun.
12:01 of 1st period - Shot Misses the Net.
12:03 of 1st period - Shot by Alex Killorn.
12:03 of 1st period - Deflect By Nathan MacKinnon.
12:03 of 1st period - Stopped by Semyon Varlamov with a rebound.
12:05 of 1st period - Shot by Phillip Danault.
12:05 of 1st period - Shot Misses the Net.
12:07 of 1st period - Shot by Phillip Danault.
12:07 of 1st period - Stopped by Semyon Varlamov with a rebound.
12:09 of 1st period - Shot by Alex Killorn.
12:09 of 1st period - Shot Misses the Net.
12:11 of 1st period - Shot by Filip Hronek.
12:11 of 1st period - Stopped by Semyon Varlamov with a rebound.
12:45 of 1st period - Shot by Seth Jones.
12:45 of 1st period - Deflect By Connor McDavid.
12:45 of 1st period - Stopped by Semyon Varlamov without a rebound.
12:46 of 1st period - Simon Ryfors wins face-off versus Alexander DeBrincat in REGINA FALCONS zone.
12:58 of 1st period - Shot by Connor McDavid.
12:58 of 1st period - Stopped by Semyon Varlamov without a rebound.
12:59 of 1st period - Connor McDavid wins face-off versus Simon Ryfors in REGINA FALCONS zone.
13:08 of 1st period - Shot by Chris Kreider.
13:08 of 1st period - Shot Misses the Net.
13:18 of 1st period - Shot by Alexander DeBrincat.
13:18 of 1st period - Stopped by Semyon Varlamov with a rebound.
13:20 of 1st period - Shot by Connor McDavid.
13:20 of 1st period - Shot Blocked by Zach Bogosian.
13:58 of 1st period - Shot by Erik Haula.
13:58 of 1st period - Stopped by Semyon Varlamov without a rebound.
13:59 of 1st period - Erik Haula wins face-off versus Patrick Maroon in REGINA FALCONS zone.
13:59 of 1st period - Marcus Johansson is hit by Logan Stanley and loses puck.
14:10 of 1st period - Shot by Tyler Motte.
14:10 of 1st period - Shot Misses the Net.
14:15 of 1st period - Icing by Erik Haula.
14:16 of 1st period - Devin Shore wins face-off versus Erik Haula in ANCHORAGE ACES zone.
14:49 of 1st period - Shot by Yegor Sharangovich.
14:49 of 1st period - Shot Misses the Net.
14:51 of 1st period - Shot by Erik Haula.
14:51 of 1st period - Shot Misses the Net.
14:58 of 1st period - Icing by Rickard Rakell.
14:59 of 1st period - Devin Shore wins face-off versus Alex Killorn in REGINA FALCONS zone.
14:59 of 1st period - Devin Shore is hit by Connor McDavid.
15:21 of 1st period - Shot by Nathan MacKinnon.
15:21 of 1st period - Stopped by Semyon Varlamov without a rebound.
15:21 of 1st period - Semyon Varlamov from REGINA FALCONS is injured at 15:21 of 1st period (Bruised Right Leg).
15:21 of 1st period - Petr Mrazek enters game.
15:22 of 1st period - Patrick Maroon wins face-off versus Phillip Danault in REGINA FALCONS zone.
15:42 of 1st period - Shot by Alexander DeBrincat.
15:42 of 1st period - Shot Misses the Net.
15:54 of 1st period - Shot by Alexander DeBrincat.
15:54 of 1st period - Shot Blocked by Dominik Kubalik.
15:56 of 1st period - Shot by Filip Hronek.
15:56 of 1st period - Stopped by Petr Mrazek without a rebound.
15:57 of 1st period - Rickard Rakell wins face-off versus Connor McDavid in REGINA FALCONS zone.
15:57 of 1st period - Rickard Rakell is hit by Alex Killorn.
16:15 of 1st period - Shot by Andrei Kuzmenko.
16:15 of 1st period - Deflect By Rickard Rakell.
16:15 of 1st period - Stopped by Jaroslav Halak with a rebound.
16:17 of 1st period - Shot by Zach Bogosian.
16:17 of 1st period - Shot Blocked by Connor McDavid.
16:19 of 1st period - Shot by Andrei Kuzmenko.
16:19 of 1st period - Goal by Andrei Kuzmenko - REGINA FALCONS : 1 - ANCHORAGE ACES : 0.
16:20 of 1st period - Erik Haula wins face-off versus Simon Ryfors in neutral zone.
16:58 of 1st period - Shot by Filip Hronek.
16:58 of 1st period - Shot Misses the Net.
17:00 of 1st period - Shot by Filip Hronek.
17:00 of 1st period - Deflect By Marcus Johansson.
17:00 of 1st period - Shot Hit the Post.
17:07 of 1st period - Marcus Johansson is hit by Pierre-Olivier Joseph and loses puck.
17:24 of 1st period - Shot by Connor McDavid.
17:24 of 1st period - Shot Blocked by Pierre-Olivier Joseph.
17:26 of 1st period - Shot by Connor McDavid.
17:26 of 1st period - Shot Blocked by Pierre-Olivier Joseph.
17:34 of 1st period - Shot by Connor McDavid.
17:34 of 1st period - Stopped by Petr Mrazek without a rebound.
17:35 of 1st period - Phillip Danault wins face-off versus Rickard Rakell in REGINA FALCONS zone.
18:04 of 1st period - Shot by Kyle Okposo.
18:04 of 1st period - Goal by Kyle Okposo - REGINA FALCONS : 2 - ANCHORAGE ACES : 0.
18:05 of 1st period - Connor McDavid wins face-off versus Patrick Maroon in neutral zone.
18:32 of 1st period - Shot by Dominik Kubalik.
18:32 of 1st period - Stopped by Jaroslav Halak with a rebound.
18:42 of 1st period - Shot by Dominik Kubalik.
18:42 of 1st period - Shot Misses the Net.
Goals for this period are 2 for REGINA FALCONS vs 0 for ANCHORAGE ACES.
Shots for this period are 9 for REGINA FALCONS vs 15 for ANCHORAGE ACES.

2nd period


0:01 of 2nd period - Connor McDavid wins face-off versus Andrei Kuzmenko in neutral zone.
0:10 of 2nd period - Shot by Alex Killorn.
0:10 of 2nd period - Stopped by Petr Mrazek without a rebound.
0:11 of 2nd period - Connor McDavid wins face-off versus Patrick Maroon in REGINA FALCONS zone.
0:11 of 2nd period - Nathan MacKinnon is hit by Zach Bogosian.
0:17 of 2nd period - Shot by Nathan MacKinnon.
0:17 of 2nd period - Shot Misses the Net.
0:24 of 2nd period - Icing by Tyler Motte.
0:25 of 2nd period - Erik Haula wins face-off versus Patrick Maroon in REGINA FALCONS zone.
0:25 of 2nd period - Yegor Sharangovich is hit by Zach Bogosian and loses puck.
0:42 of 2nd period - Icing by Zach Bogosian.
0:43 of 2nd period - Nathan MacKinnon wins face-off versus Patrick Maroon in REGINA FALCONS zone.
0:43 of 2nd period - Nathan MacKinnon is hit by Zach Bogosian.
0:50 of 2nd period - Minor Penalty to Zach Bogosian for Hooking.
0:51 of 2nd period - Phillip Danault wins face-off versus Rickard Rakell in REGINA FALCONS zone.
0:54 of 2nd period - Shot by Alex Killorn.
0:54 of 2nd period - Shot Hit the Post.
0:56 of 2nd period - Shot by Nathan MacKinnon.
0:56 of 2nd period - Shot Misses the Net.
0:58 of 2nd period - Shot by Nathan MacKinnon.
0:58 of 2nd period - Stopped by Petr Mrazek without a rebound.
0:59 of 2nd period - Phillip Danault wins face-off versus Rickard Rakell in REGINA FALCONS zone.
1:06 of 2nd period - Shot by Alex Killorn.
1:06 of 2nd period - Shot Misses the Net.
1:21 of 2nd period - Filip Hronek is hit by Ty Smith and loses puck.
1:43 of 2nd period - Shot by Nathan MacKinnon.
1:43 of 2nd period - Deflect By Phillip Danault.
1:43 of 2nd period - Goal by Phillip Danault - REGINA FALCONS : 2 - ANCHORAGE ACES : 1.
1:44 of 2nd period - Erik Haula wins face-off versus Simon Ryfors in neutral zone.
1:58 of 2nd period - Shot by Eric Robinson.
1:58 of 2nd period - Shot Blocked by Seth Jones.
2:12 of 2nd period - Icing by Erik Haula.
2:13 of 2nd period - Erik Haula wins face-off versus Rickard Rakell in ANCHORAGE ACES zone.
2:22 of 2nd period - Shot by Andrei Kuzmenko.
2:22 of 2nd period - Stopped by Jaroslav Halak without a rebound.
2:23 of 2nd period - Patrick Maroon wins face-off versus Connor McDavid in ANCHORAGE ACES zone.
2:26 of 2nd period - Shot by Dominik Kubalik.
2:26 of 2nd period - Shot Blocked by Filip Hronek.
2:28 of 2nd period - Shot by Tyler Motte.
2:28 of 2nd period - Shot Blocked by Filip Hronek.
2:53 of 2nd period - Dominik Kubalik is hit by Ryan Pulock and loses puck.
3:09 of 2nd period - Icing by Filip Hronek.
3:10 of 2nd period - Connor McDavid wins face-off versus Rickard Rakell in ANCHORAGE ACES zone.
3:35 of 2nd period - Shot by Rickard Rakell.
3:35 of 2nd period - Stopped by Jaroslav Halak with a rebound.
3:37 of 2nd period - Shot by Rickard Rakell.
3:37 of 2nd period - Shot Misses the Net.
4:05 of 2nd period - Nathan MacKinnon is hit by Max Jones and loses puck.
4:10 of 2nd period - Shot by Max Jones.
4:10 of 2nd period - Shot Blocked by Filip Hronek.
4:25 of 2nd period - Shot by Max Jones.
4:25 of 2nd period - Deflect By Eric Robinson.
4:25 of 2nd period - Stopped by Jaroslav Halak without a rebound.
4:26 of 2nd period - Patrick Maroon wins face-off versus Phillip Danault in ANCHORAGE ACES zone.
4:27 of 2nd period - Shot by Dominik Kubalik.
4:27 of 2nd period - Goal by Dominik Kubalik - REGINA FALCONS : 3 - ANCHORAGE ACES : 1.
4:28 of 2nd period - Phillip Danault wins face-off versus Patrick Maroon in neutral zone.
4:28 of 2nd period - Alexander DeBrincat is hit by Patrick Maroon and loses puck.
4:35 of 2nd period - Shot by Chris Kreider.
4:35 of 2nd period - Shot Misses the Net.
4:56 of 2nd period - Chris Kreider is hit by Pierre-Olivier Joseph and loses puck.
5:09 of 2nd period - Shot by Alexander DeBrincat.
5:09 of 2nd period - Shot Misses the Net.
5:16 of 2nd period - Tyler Motte is hit by Alexander DeBrincat and loses puck.
6:17 of 2nd period - Shot by Andrei Kuzmenko.
6:17 of 2nd period - Deflect By Rickard Rakell.
6:17 of 2nd period - Stopped by Jaroslav Halak without a rebound.
6:18 of 2nd period - Connor McDavid wins face-off versus Max Jones in ANCHORAGE ACES zone.
6:27 of 2nd period - Shot by Max Jones.
6:27 of 2nd period - Shot Blocked by Robert Bortuzzo.
6:35 of 2nd period - Shot by Eric Robinson.
6:35 of 2nd period - Shot Misses the Net.
6:37 of 2nd period - Shot by Eric Robinson.
6:37 of 2nd period - Stopped by Jaroslav Halak without a rebound.
6:38 of 2nd period - Phillip Danault wins face-off versus Rickard Rakell in ANCHORAGE ACES zone.
6:45 of 2nd period - Shot by Alexander DeBrincat.
6:45 of 2nd period - Shot Misses the Net.
6:47 of 2nd period - Shot by Filip Hronek.
6:47 of 2nd period - Shot Misses the Net.
6:49 of 2nd period - Shot by Phillip Danault.
6:49 of 2nd period - Goal by Phillip Danault - REGINA FALCONS : 3 - ANCHORAGE ACES : 2.
6:50 of 2nd period - Erik Haula wins face-off versus Simon Ryfors in neutral zone.
6:53 of 2nd period - Shot by Yegor Sharangovich.
6:53 of 2nd period - Stopped by Petr Mrazek without a rebound.
6:54 of 2nd period - Connor McDavid wins face-off versus Rickard Rakell in REGINA FALCONS zone.
6:59 of 2nd period - Shot by Connor McDavid.
6:59 of 2nd period - Shot Misses the Net.
7:07 of 2nd period - Shot by Alex Killorn.
7:07 of 2nd period - Stopped by Petr Mrazek with a rebound.
7:09 of 2nd period - Shot by Ryan Pulock.
7:09 of 2nd period - Stopped by Petr Mrazek with a rebound.
7:11 of 2nd period - Shot by Alex Killorn.
7:11 of 2nd period - Shot Misses the Net.
7:13 of 2nd period - Shot by Filip Hronek.
7:13 of 2nd period - Shot Misses the Net.
7:15 of 2nd period - Shot by Connor McDavid.
7:15 of 2nd period - Goal by Connor McDavid - REGINA FALCONS : 3 - ANCHORAGE ACES : 3.
7:16 of 2nd period - Erik Haula wins face-off versus Simon Ryfors in neutral zone.
7:46 of 2nd period - Shot by Erik Haula.
7:46 of 2nd period - Shot Blocked by Zach Bogosian.
7:48 of 2nd period - Shot by Jakob Chychrun.
7:48 of 2nd period - Stopped by Petr Mrazek with a rebound.
8:11 of 2nd period - Icing by Zach Bogosian.
8:12 of 2nd period - Simon Ryfors wins face-off versus Connor McDavid in REGINA FALCONS zone.
8:12 of 2nd period - Simon Ryfors is hit by Connor McDavid.
8:13 of 2nd period - Minor Penalty to Nathan MacKinnon for Roughing.
8:14 of 2nd period - Rickard Rakell wins face-off versus Phillip Danault in ANCHORAGE ACES zone.
9:01 of 2nd period - Icing by Rickard Rakell.
9:02 of 2nd period - Phillip Danault wins face-off versus Rickard Rakell in REGINA FALCONS zone.
10:02 of 2nd period - Eric Robinson is hit by Erik Haula and loses puck.
10:38 of 2nd period - Shot by Devin Shore.
10:38 of 2nd period - Stopped by Jaroslav Halak without a rebound.
10:39 of 2nd period - Rickard Rakell wins face-off versus Erik Haula in ANCHORAGE ACES zone.
12:07 of 2nd period - Shot by Nathan MacKinnon.
12:07 of 2nd period - Shot Misses the Net.
13:44 of 2nd period - Shot by Phillip Danault.
13:44 of 2nd period - Stopped by Petr Mrazek with a rebound.
15:03 of 2nd period - Icing by Jack Johnson.
15:04 of 2nd period - Connor McDavid wins face-off versus Rickard Rakell in ANCHORAGE ACES zone.
15:04 of 2nd period - Connor McDavid is hit by Andrei Kuzmenko.
15:34 of 2nd period - Off-side.
15:35 of 2nd period - Phillip Danault wins face-off versus Patrick Maroon in neutral zone.
15:35 of 2nd period - Alexander DeBrincat is hit by Patrick Maroon and loses puck.
15:58 of 2nd period - Shot by Phillip Danault.
15:58 of 2nd period - Deflect By Alexander DeBrincat.
15:58 of 2nd period - Shot Blocked by Pierre-Olivier Joseph.
16:00 of 2nd period - Shot by Phillip Danault.
16:00 of 2nd period - Deflect By Chris Kreider.
16:00 of 2nd period - Shot Misses the Net.
16:02 of 2nd period - Shot by Jakob Chychrun.
16:02 of 2nd period - Shot Misses the Net.
16:04 of 2nd period - Shot by Chris Kreider.
16:04 of 2nd period - Stopped by Petr Mrazek with a rebound.
16:06 of 2nd period - Shot by Alexander DeBrincat.
16:06 of 2nd period - Stopped by Petr Mrazek without a rebound.
16:07 of 2nd period - Rickard Rakell wins face-off versus Erik Haula in REGINA FALCONS zone.
16:15 of 2nd period - Filip Hronek is hit by Zach Bogosian and loses puck.
17:01 of 2nd period - Icing by Ty Smith.
17:02 of 2nd period - Connor McDavid wins face-off versus Patrick Maroon in REGINA FALCONS zone.
17:58 of 2nd period - Icing by Pierre-Olivier Joseph.
17:59 of 2nd period - Phillip Danault wins face-off versus Patrick Maroon in REGINA FALCONS zone.
18:44 of 2nd period - Shot by Chris Kreider.
18:44 of 2nd period - Shot Misses the Net.
18:46 of 2nd period - Shot by Chris Kreider.
18:46 of 2nd period - Shot Blocked by Zach Bogosian.
18:58 of 2nd period - Shot by Kyle Okposo.
18:58 of 2nd period - Shot Misses the Net.
19:26 of 2nd period - Shot by Yegor Sharangovich.
19:26 of 2nd period - Shot Misses the Net.
19:55 of 2nd period - Icing by Nathan MacKinnon.
19:56 of 2nd period - Simon Ryfors wins face-off versus Connor McDavid in ANCHORAGE ACES zone.
19:57 of 2nd period - Shot by Justin Schultz.
19:57 of 2nd period - Shot Misses the Net.
Goals for this period are 1 for REGINA FALCONS vs 3 for ANCHORAGE ACES.
Shots for this period are 7 for REGINA FALCONS vs 12 for ANCHORAGE ACES.

3rd period


0:01 of 3rd period - Nathan MacKinnon wins face-off versus Rickard Rakell in neutral zone.
0:16 of 3rd period - Shot by Rickard Rakell.
0:16 of 3rd period - Shot Misses the Net.
0:18 of 3rd period - Shot by Justin Schultz.
0:18 of 3rd period - Shot Blocked by Seth Jones.
0:20 of 3rd period - Shot by Rickard Rakell.
0:20 of 3rd period - Stopped by Jaroslav Halak without a rebound.
0:21 of 3rd period - Simon Ryfors wins face-off versus Phillip Danault in ANCHORAGE ACES zone.
0:59 of 3rd period - Shot by Max Jones.
0:59 of 3rd period - Stopped by Jaroslav Halak without a rebound.
1:00 of 3rd period - Connor McDavid wins face-off versus Rickard Rakell in ANCHORAGE ACES zone.
1:41 of 3rd period - Andrei Kuzmenko is hit by Connor McDavid.
1:46 of 3rd period - Icing by Andrei Kuzmenko.
1:47 of 3rd period - Phillip Danault wins face-off versus Rickard Rakell in REGINA FALCONS zone.
1:50 of 3rd period - Shot by Phillip Danault.
1:50 of 3rd period - Stopped by Petr Mrazek without a rebound.
1:51 of 3rd period - Phillip Danault wins face-off versus Patrick Maroon in REGINA FALCONS zone.
1:51 of 3rd period - Alexander DeBrincat is hit by Zach Bogosian.
2:06 of 3rd period - Shot by Alexander DeBrincat.
2:06 of 3rd period - Deflect By Phillip Danault.
2:06 of 3rd period - Goal by Phillip Danault - REGINA FALCONS : 3 - ANCHORAGE ACES : 4.
2:07 of 3rd period - Erik Haula wins face-off versus Simon Ryfors in neutral zone.
2:34 of 3rd period - Shot by Marcus Johansson.
2:34 of 3rd period - Shot Blocked by Ty Smith.
2:36 of 3rd period - Shot by Jack Johnson.
2:36 of 3rd period - Shot Misses the Net.
2:46 of 3rd period - Shot by Yegor Sharangovich.
2:46 of 3rd period - Shot Misses the Net.
2:48 of 3rd period - Shot by Jani Hakanpaa.
2:48 of 3rd period - Shot Blocked by Pierre-Olivier Joseph.
2:50 of 3rd period - Shot by Erik Haula.
2:50 of 3rd period - Shot Misses the Net.
3:07 of 3rd period - Alex Killorn is hit by Ty Smith and loses puck.
3:22 of 3rd period - Shot by Nathan MacKinnon.
3:22 of 3rd period - Deflect By Connor McDavid.
3:22 of 3rd period - Stopped by Petr Mrazek with a rebound.
3:32 of 3rd period - Shot by Alex Killorn.
3:32 of 3rd period - Stopped by Petr Mrazek with a rebound.
3:46 of 3rd period - Shot by Connor McDavid.
3:46 of 3rd period - Shot Blocked by Eric Robinson.
4:01 of 3rd period - Ryan Pulock is hit by Eric Robinson.
4:26 of 3rd period - Icing by Pierre-Olivier Joseph.
4:27 of 3rd period - Simon Ryfors wins face-off versus Erik Haula in REGINA FALCONS zone.
4:53 of 3rd period - Shot by Yegor Sharangovich.
4:53 of 3rd period - Shot Blocked by Justin Schultz.
5:18 of 3rd period - Rickard Rakell is hit by Jani Hakanpaa and loses puck.
5:20 of 3rd period - Minor Penalty to Jack Johnson for Roughing.
5:21 of 3rd period - Phillip Danault wins face-off versus Rickard Rakell in ANCHORAGE ACES zone.
5:32 of 3rd period - Shot by Andrei Kuzmenko.
5:32 of 3rd period - Stopped by Jaroslav Halak with a rebound.
5:43 of 3rd period - Off-side.
5:44 of 3rd period - Phillip Danault wins face-off versus Devin Shore in neutral zone.
6:24 of 3rd period - Devin Shore is hit by Phillip Danault and loses puck.
6:49 of 3rd period - Shot by Erik Haula.
6:49 of 3rd period - Stopped by Petr Mrazek without a rebound.
6:50 of 3rd period - Erik Haula wins face-off versus Rickard Rakell in REGINA FALCONS zone.
6:53 of 3rd period - Shot by Yegor Sharangovich.
6:53 of 3rd period - Stopped by Petr Mrazek without a rebound.
6:54 of 3rd period - Rickard Rakell wins face-off versus Erik Haula in REGINA FALCONS zone.
7:19 of 3rd period - Shot by Andrei Kuzmenko.
7:19 of 3rd period - Shot Misses the Net.
8:04 of 3rd period - Icing by Tyler Motte.
8:05 of 3rd period - Patrick Maroon wins face-off versus Phillip Danault in REGINA FALCONS zone.
8:54 of 3rd period - Shot by Alexander DeBrincat.
8:54 of 3rd period - Stopped by Petr Mrazek without a rebound.
8:55 of 3rd period - Connor McDavid wins face-off versus Simon Ryfors in REGINA FALCONS zone.
9:00 of 3rd period - Shot by Nathan MacKinnon.
9:00 of 3rd period - Shot Blocked by Max Jones.
9:07 of 3rd period - Ty Smith is hit by Alex Killorn and loses puck.
9:30 of 3rd period - Shot by Eric Robinson.
9:30 of 3rd period - Shot Hit the Post.
9:32 of 3rd period - Shot by Max Jones.
9:32 of 3rd period - Stopped by Jaroslav Halak with a rebound.
9:34 of 3rd period - Shot by Eric Robinson.
9:34 of 3rd period - Deflect By Max Jones.
9:34 of 3rd period - Shot Blocked by Jack Johnson.
10:36 of 3rd period - Minor Penalty to Patrick Maroon for Slashing.
10:37 of 3rd period - Connor McDavid wins face-off versus Rickard Rakell in REGINA FALCONS zone.
10:42 of 3rd period - Shot by Alexander DeBrincat.
10:42 of 3rd period - Stopped by Petr Mrazek with a rebound.
10:44 of 3rd period - Shot by Filip Hronek.
10:44 of 3rd period - Shot Blocked by Marco Scandella.
10:46 of 3rd period - Shot by Chris Kreider.
10:46 of 3rd period - Shot Misses the Net.
10:48 of 3rd period - Shot by Jakob Chychrun.
10:48 of 3rd period - Shot Blocked by Marco Scandella.
10:50 of 3rd period - Shot by Alexander DeBrincat.
10:50 of 3rd period - Deflect By Connor McDavid.
10:50 of 3rd period - Stopped by Petr Mrazek without a rebound.
10:51 of 3rd period - Dominik Kubalik wins face-off versus Phillip Danault in REGINA FALCONS zone.
11:12 of 3rd period - Shot by Nathan MacKinnon.
11:12 of 3rd period - Shot Misses the Net.
11:26 of 3rd period - Shot by Nathan MacKinnon.
11:26 of 3rd period - Goal by Nathan MacKinnon - REGINA FALCONS : 3 - ANCHORAGE ACES : 5.
11:27 of 3rd period - Eric Robinson wins face-off versus Erik Haula in neutral zone.
12:48 of 3rd period - Shot by Nathan MacKinnon.
12:48 of 3rd period - Shot Misses the Net.
14:16 of 3rd period - Shot by Kyle Okposo.
14:16 of 3rd period - Stopped by Jaroslav Halak with a rebound.
15:34 of 3rd period - Shot by Eric Robinson.
15:34 of 3rd period - Stopped by Jaroslav Halak without a rebound.
15:35 of 3rd period - Simon Ryfors wins face-off versus Phillip Danault in ANCHORAGE ACES zone.
15:36 of 3rd period - Shot by Eric Robinson.
15:36 of 3rd period - Stopped by Jaroslav Halak without a rebound.
15:37 of 3rd period - Simon Ryfors wins face-off versus Phillip Danault in ANCHORAGE ACES zone.
16:24 of 3rd period - Shot by Tyler Motte.
16:24 of 3rd period - Deflect By Dominik Kubalik.
16:24 of 3rd period - Stopped by Jaroslav Halak without a rebound.
16:25 of 3rd period - Connor McDavid wins face-off versus Dominik Kubalik in ANCHORAGE ACES zone.
16:57 of 3rd period - Shot by Dominik Kubalik.
16:57 of 3rd period - Deflect By Tyler Motte.
16:57 of 3rd period - Stopped by Jaroslav Halak without a rebound.
16:58 of 3rd period - Erik Haula wins face-off versus Devin Shore in ANCHORAGE ACES zone.
17:19 of 3rd period - Off-side.
17:20 of 3rd period - Phillip Danault wins face-off versus Simon Ryfors in neutral zone.
17:27 of 3rd period - Shot by Chris Kreider.
17:27 of 3rd period - Stopped by Petr Mrazek with a rebound.
17:37 of 3rd period - Shot by Phillip Danault.
17:37 of 3rd period - Stopped by Petr Mrazek without a rebound.
17:38 of 3rd period - Connor McDavid wins face-off versus Andrei Kuzmenko in REGINA FALCONS zone.
17:52 of 3rd period - Off-side.
17:53 of 3rd period - Patrick Maroon wins face-off versus Phillip Danault in neutral zone.
18:02 of 3rd period - Shot by Dominik Kubalik.
18:02 of 3rd period - Stopped by Jaroslav Halak without a rebound.
18:03 of 3rd period - Connor McDavid wins face-off versus Rickard Rakell in ANCHORAGE ACES zone.
18:23 of 3rd period - Icing by Rickard Rakell.
18:24 of 3rd period - Phillip Danault wins face-off versus Rickard Rakell in REGINA FALCONS zone.
18:25 of 3rd period - Shot by Alexander DeBrincat.
18:25 of 3rd period - Shot Misses the Net.
18:37 of 3rd period - Shot by Jakob Chychrun.
18:37 of 3rd period - Shot Misses the Net.
18:55 of 3rd period - Off-side.
18:56 of 3rd period - Connor McDavid wins face-off versus Patrick Maroon in neutral zone.
19:11 of 3rd period - Shot by Dominik Kubalik.
19:11 of 3rd period - Shot Misses the Net.
19:13 of 3rd period - Shot by Patrick Maroon.
19:13 of 3rd period - Goal by Patrick Maroon - REGINA FALCONS : 4 - ANCHORAGE ACES : 5.
19:14 of 3rd period - Connor McDavid wins face-off versus Rickard Rakell in neutral zone.
19:20 of 3rd period - Shot by Nathan MacKinnon.
19:20 of 3rd period - Shot Misses the Net.
19:22 of 3rd period - Shot by Connor McDavid.
19:22 of 3rd period - Stopped by Petr Mrazek without a rebound.
19:23 of 3rd period - Nathan MacKinnon wins face-off versus Andrei Kuzmenko in REGINA FALCONS zone.
19:27 of 3rd period - Icing by Justin Schultz.
19:28 of 3rd period - Phillip Danault wins face-off versus Rickard Rakell in REGINA FALCONS zone.
19:39 of 3rd period - REGINA FALCONS, Petr Mrazek is pulled from the net.
19:43 of 3rd period - Shot by Rickard Rakell.
19:43 of 3rd period - Stopped by Jaroslav Halak without a rebound.
19:44 of 3rd period - Connor McDavid wins face-off versus Rickard Rakell in ANCHORAGE ACES zone.
19:44 of 3rd period - Connor McDavid is hit by Kyle Okposo.
19:52 of 3rd period - Shot by Kyle Okposo.
19:52 of 3rd period - Goal by Kyle Okposo - REGINA FALCONS : 5 - ANCHORAGE ACES : 5.
19:52 of 3rd period - Petr Mrazek from REGINA FALCONS was sent back in the game.
19:53 of 3rd period - Patrick Maroon wins face-off versus Erik Haula in neutral zone.
19:56 of 3rd period - Erik Haula is hit by Patrick Maroon.
Goals for this period are 2 for REGINA FALCONS vs 2 for ANCHORAGE ACES.
Shots for this period are 13 for REGINA FALCONS vs 13 for ANCHORAGE ACES.

Overtime #1


0:01 of 1st overtime period - Nathan MacKinnon wins face-off versus Rickard Rakell in neutral zone.
0:03 of 1st overtime period - Off-side.
0:04 of 1st overtime period - Nathan MacKinnon wins face-off versus Rickard Rakell in neutral zone.
0:22 of 1st overtime period - Shot by Nathan MacKinnon.
0:22 of 1st overtime period - Shot Misses the Net.
0:24 of 1st overtime period - Shot by Nathan MacKinnon.
0:24 of 1st overtime period - Shot Hit the Post.
1:18 of 1st overtime period - Shot by Connor McDavid.
1:18 of 1st overtime period - Stopped by Petr Mrazek without a rebound.
1:19 of 1st overtime period - Phillip Danault wins face-off versus Kyle Okposo in REGINA FALCONS zone.
3:27 of 1st overtime period - Shot by Alexander DeBrincat.
3:27 of 1st overtime period - Stopped by Petr Mrazek with a rebound.
3:37 of 1st overtime period - Shot by Chris Kreider.
3:37 of 1st overtime period - Shot Misses the Net.
4:01 of 1st overtime period - Shot by Connor McDavid.
4:01 of 1st overtime period - Shot Misses the Net.
4:03 of 1st overtime period - Shot by Filip Hronek.
4:03 of 1st overtime period - Shot Misses the Net.
4:05 of 1st overtime period - Shot by Connor McDavid.
4:05 of 1st overtime period - Deflect By Phillip Danault.
4:05 of 1st overtime period - Stopped by Petr Mrazek without a rebound.
4:06 of 1st overtime period - Nathan MacKinnon wins face-off versus Dominik Kubalik in REGINA FALCONS zone.
Goals for this period are 0 for REGINA FALCONS vs 0 for ANCHORAGE ACES.
Shots for this period are 0 for REGINA FALCONS vs 3 for ANCHORAGE ACES.

ShootOut


5:00 of 1st overtime period - Round #1.
5:00 of 1st overtime period - REGINA FALCONS, Rickard Rakell.
5:00 of 1st overtime period - Stopped by Jaroslav Halak.
5:00 of 1st overtime period - ANCHORAGE ACES, Nathan MacKinnon.
5:00 of 1st overtime period - Goal by Nathan MacKinnon.
5:00 of 1st overtime period - Round #2.
5:00 of 1st overtime period - REGINA FALCONS, Andrei Kuzmenko.
5:00 of 1st overtime period - Shot Misses the Net.
5:00 of 1st overtime period - ANCHORAGE ACES, Alexander DeBrincat.
5:00 of 1st overtime period - Goal by Alexander DeBrincat.
5:00 of 1st overtime period - Round #3.


BLAKE
WHEELER
STEVEN
STAMKOS
DREW
DOUGHTY

EAST COAST

HOCKEY LEAGUE

  • 63.RHI2PIT5
  • 64.WOR4ATL3
  • 65.QUECHW
  • 66.CHATRV